 Dungeon Crawl Stone Soup version 0.30-a0-394-g3e4acdb0ae (webtiles) character file.

Game seed: 12108657589086245089

525 qeuew the Chopper (level 7, -7/67 HPs)
             Began as a Hill Orc Fighter on Dec 6, 2022.
             Mangled by an ogre
             ... wielding a +0 giant spiked club
              (22 damage)
             ... on level 4 of the Dungeon.
             The game lasted 00:03:45 (2964 turns).

qeuew the Chopper (Hill Orc Fighter)                Turns: 2964, Time: 00:03:45

Health: -7/67      AC:  9    Str: 27    XL:     7   Next: 22%
Magic:  7/7        EV: 10    Int:  8    God:
Gold:   122        SH:  4    Dex: 10    Spells: 6/6 levels left

rFire   + + .      SeeInvis .    a - +0 war axe
rCold   + . .      Faith    .    c - +0 buckler
rNeg    . . .      Spirit   .    b - +0 scale mail
rPois   .          Reflect  .    (no helmet)
rElec   .          Harm     .    (no cloak)
rCorr   .          Rampage  .    (no gloves)
Will    .....                    (no boots)
Stlth   ..........               (no amulet)
HPRegen 0.31/turn                j - +6 ring of strength
MPRegen 0.10/turn                l - ring of protection from fire

@: no status effects
A: iridescent scales 1, cold resistance 1, fire resistance 1, robust 1
a: no special abilities


You were on level 4 of the Dungeon.
You visited 1 branch of the dungeon, and saw 4 of its levels.

You collected 122 gold pieces.

Inventory:

Hand Weapons
 a - a +0 war axe (weapon)
Armour
 b - a +0 scale mail (worn)
 c - a +0 buckler (worn)
Jewellery
 f - a ring of resist corrosion
 j - a +6 ring of strength (left hand)
 l - a ring of protection from fire (right hand)
Wands
 p - a wand of mindburst (18)
Scrolls
 e - 3 scrolls of teleportation
 i - a scroll of magic mapping
 m - 2 scrolls of fear
 o - a scroll of torment {unknown}
 q - a scroll of identify
Potions
 d - 3 potions of might
 g - a potion of cancellation
 h - a potion of flight
 k - a potion of magic
 n - a potion of ambrosia


   Skills:
 + Level 5.1 Fighting
 * Level 6.1 Axes
 + Level 4.5 Armour
 + Level 2.1 Dodging
 + Level 4.5 Shields
 * Level 1.2 Evocations


You had 6 spell levels left.
You didn't know any spells.
Your spell library contained the following spells:

 Spells                   Type           Power      Damage    Failure   Level
 Portal Projectile        Hex/Tloc       0%         N/A       98%         3
 Tukima's Dance           Hex            0%         N/A       98%         3
 Blade Hands              Tmut           0%         N/A       100%        5


Dungeon Overview and Level Annotations

Branches:
Dungeon (4/15)
 Temple: D:4-7

Altars:

Annotations:
D:2 1 runed translucent door, Crazy Yiuf


Innate Abilities, Weirdness & Mutations

You are partially covered in iridescent scales. (AC +2)
Your flesh is cold resistant. (rC+)
Your flesh is heat resistant. (rF+)
You are robust. (+10% HP)


Message History

A gnoll comes into view. It is wielding a +0 spear.
The gnoll shouts!
The gnoll hits you with a +2 spear of flaming.
You slash the gnoll!
You kill the gnoll!
The endoplasm freezes you.
You are frozen.
You resist. The gnoll hits you but does no damage.
You see here a +2 spear of flaming.
You hit the endoplasm.
The endoplasm is almost dead.
The endoplasm hits you but does no damage.
You block the gnoll's attack.
You hit the endoplasm.
You kill the endoplasm!
You completely miss the ogre. The ogre misses you.
The gnoll hits you from afar with a +0 spear. x4
The gnoll closely misses you.
You hit the ogre but do no damage. You slash the gnoll! The ogre misses you.
The gnoll barely misses you. The gnoll hits you with a +0 flail.
The gnoll hits you from afar with a +0 spear.
You barely miss the gnoll.
The gnoll is almost dead.
You slash the ogre!
The ogre hits you with a +0 giant spiked club!
The gnoll hits you from afar with a +0 spear.
* * * LOW HITPOINT WARNING * * *
The gnoll closely misses you. The gnoll hits you but does no damage.
You slash the ogre!
The ogre is severely wounded.
You hit the gnoll but do no damage. The gnoll misses you.
The gnoll hits you from afar with a +0 spear.
* * * LOW HITPOINT WARNING * * *
You block the gnoll's attack. The ogre barely misses you.
The gnoll hits you but does no damage. x2; The gnoll closely misses you.
You barely miss the ogre.
The ogre is severely wounded.
You hit the gnoll.
You kill the gnoll!
The ogre hits you with a +0 giant spiked club!!
You die...

##.........###......
##.........##
##.....
#...........# ##....
#....<.......# ##...
#.............# ##..
#.............# ###
#...............
#................
#...@)........###
#....O......
#..gg.......
#...........
#...........
#...........
#..........#
##.........#


You could see an ogre and 2 gnolls.

Vanquished Creatures
  Grinder (D:3)
  Duvessa (D:4)
  Dowan (D:4)
  An orc priest (D:3)
  Jessica (D:3)
  2 gnolls (D:4)
  4 adders
  A worm (D:4)
  A dart slug (D:1)
  6 orcs (D:3)
  5 ball pythons
  6 bats
  7 endoplasms
  3 giant cockroaches
  3 goblins
  6 hobgoblins
  4 kobolds
  5 quokkas
  2 frilled lizards
  A rat (D:3)
61 creatures vanquished.

Notes
Turn   | Place    | Note
-------+----------+-------------------------------------------
     0 | D:1      | qeuew the Hill Orc Fighter began the quest for the Orb.
     0 | D:1      | Reached XP level 1. HP: 19/19 MP: 1/1
    93 | D:1      | Reached skill level 3 in Axes
   127 | D:1      | Reached XP level 2. HP: 27/27 MP: 2/2
   345 | D:1      | Reached XP level 3. HP: 30/33 MP: 3/3
   732 | D:2      | Found a runed translucent door.
   733 | D:2      | Noticed Crazy Yiuf
  1437 | D:3      | Reached XP level 4. HP: 37/40 MP: 4/4
  1442 | D:3      | Reached skill level 4 in Axes
  1449 | D:3      | Reached skill level 1 in Dodging
  1755 | D:3      | Noticed Grinder
  1756 | D:3      | Paralysed by Grinder for 3 turns
  1763 | D:3      | Paralysed by Grinder for 4 turns
  1771 | D:3      | Killed Grinder
  1772 | D:3      | Reached skill level 5 in Axes
  1772 | D:3      | Reached XP level 5. HP: 12/47 MP: 5/5
  1772 | D:3      | Reached XP level 6. HP: 13/53 MP: 6/6
  2400 | D:3      | Noticed Jessica
  2408 | D:3      | Killed Jessica
  2594 | D:3      | Found a faded altar of an unknown god.
  2688 | D:3      | Gained mutation: Your flesh is cold resistant. (rC+)
                  | [potion of mutation]
  2688 | D:3      | Gained mutation: You are robust. (+10% HP) [potion of
                  | mutation]
  2688 | D:3      | Gained mutation: You are partially covered in iridescent
                  | scales. (AC +2) [potion of mutation]
  2688 | D:3      | Gained mutation: Your flesh is heat resistant. (rF+)
                  | [potion of mutation]
  2758 | D:4      | Noticed Duvessa
  2758 | D:4      | Noticed Dowan
  2774 | D:4      | Killed Duvessa
  2774 | D:4      | Killed Dowan
  2775 | D:4      | Reached skill level 5 in Fighting
  2775 | D:4      | Reached skill level 6 in Axes
  2775 | D:4      | Reached skill level 1 in Evocations
  2775 | D:4      | Reached XP level 7. HP: 29/67 MP: 7/7
  2964 | D:4      | Mangled by an ogre

Illustrated notes

Levels and vault maps discovered:
D:1:      shiori_arrival_maze, layout_rooms, serial_forest,
          infiniplex_forest_clump_medium, infiniplex_forest_lined_ring,
          infiniplex_forest_straight_1, infiniplex_forest_zigzag_2,
          infiniplex_forest_straight_2, infiniplex_forest_clump_large,
          infiniplex_forest_straight_2
D:2:      layout_loops_ring, palyth_stone_intersect, uniq_crazy_yiuf_cottage
D:3:      layout_basic, dreamdust_ecumenical_altar_hidden_monk_grotto,
          uniq_jessica, uniq_grinder
D:4:      cheibrodos_quashed, layout_cave_pods, serial_shops,
          nicolae_shop_trees, uniq_natasha, uniq_menkaure, uniq_duvessa

Skill      XL: |  1  2  3  4  5  6 |
---------------+-------------------+-----
Axes           | 3 5 6 |  6.1
Fighting       | 4 5 |  5.1
Dodging        | 1 2 |  2.1
Armour         | 4 |  4.5
Shields        | 4 |  4.5
Evocations     | 1 |  1.2

Action                   |  1- 3 |  4- 6 |  7- 9 || total
-------------------------+-------+-------+-------++-------
Melee: War axe           |   114 |    87 |     7 ||   208
  Use: Scroll            |     6 |     1 |       ||     7
       Potion            |     3 |     3 |       ||     6
Armor: Scale mail        |    58 |    30 |     5 ||    93
Dodge: Dodged            |    67 |    33 |     8 ||   108
Block: Buckler           |    33 |    17 |     2 ||    52

Table legend: (Time is in decaauts)
 A = Elapsed time spent in this place.
 B = Non-inter-level travel time spent in this place.
 C = Inter-level travel time spent in this place.
 D = Time resting spent in this place.
 E = Time spent auto-exploring this place.
 F = Levels seen in this place.
 G = Mean time per level.
                   A        B        C        D        E       F      G
               +--------+--------+--------+--------+--------+-----+--------+
         Total |   3015 |   2995 |     20 |      0 |   2511 |   4 |  753.8 |
       Dungeon |   3015 |   2995 |     20 |      0 |   2511 |   4 |  753.8 |
               +--------+--------+--------+--------+--------+-----+--------+

Top non-repeatable levels by time:
     D:3: 1295 daAuts
     D:2: 769 daAuts
     D:1: 677 daAuts
     D:4: 272 daAuts
